[Event "Team 45 45 League T91"]
[Site "Internet Chess Club"]
[Date "2022.02.06"]
[Round "4"]
[White "HomerSimpson"]
[Black "primerpaso"]
[Result "1-0"]
[WhiteElo "2014"]
[BlackElo "1866"]
[Opening "Queen's pawn: London system"]
[ECO "A45"]
[Time "14:02:36"]
[PlyCount "89"]
[TimeControl "2700+45"]

1. d4 Nf6 2. Bf4 d5 3. e3 e6 4. Nd2 Bd6 5. Bg3 c5 6. c3 Nc6 7. Ngf3 O-O 8. Bb5
a6 9. Bxc6 bxc6 10. Qa4 Bb7 11. Bxd6 Qxd6 12. Qa3 Rfd8 13. Qxc5 Qxc5 14. dxc5
Nd7 15. b4 a5 16. a3 Ba6 17. Nd4 Rdc8 18. N2b3 a4 19. Na5 Nb8 20. f4 Rc7 21. Kf2
Bc8 22. Rhc1 Ra6 23. Rab1 Nd7 24. Naxc6 Raxc6 25. Nxc6 Rxc6 26. c4 dxc4 27. Rxc4
Kf8 28. Rd4 Ke7 29. Rbd1 Nf6 30. e4 e5 31. fxe5 Ng4+ 32. Kg3 Rg6 33. Rd6 Rg5 34.
Kf4 Rxe5 35. Rc6 g5+ 36. Kg3 Rxe4 37. Rxc8 h5 38. Rd3 f5 39. Rc7+ Ke8 40. Rc8+
Ke7 41. Rcd8 Re2 42. R3d7+ Kf6 43. Rf8+ Kg6 44. Rd6+ Kg7 45. Rxf5 {Black
resigns} 1-0

[Event "Team 45 45 League T91"]
[Site "Internet Chess Club"]
[Date "2022.02.06"]
[Round "4"]
[White "ElValero"]
[Black "Portola"]
[Result "1-0"]
[WhiteElo "1673"]
[BlackElo "1723"]
[Opening "Queen's pawn game, Darooha variation "]
[ECO "D11"]
[Time "10:00:30"]
[PlyCount "49"]
[TimeControl "2700+45"]

1. Nf3 d5 2. d4 Nf6 3. c4 c6 4. Qc2 dxc4 5. Qxc4 Qd5 6. Qa4 b5 7. Qd1 b4 8. g3
Bb7 9. Bg2 Nbd7 10. Nh4 Qb5 11. a4 Qb6 12. O-O e6 13. e4 Be7 14. a5 Qd8 15. a6
Bc8 16. Qa4 Qb6 17. Be3 Qb5 18. Qxb5 cxb5 19. d5 exd5 20. exd5 Bd8 21. d6 Rb8
22. Bxa7 Rb6 23. Bxb6 Nxb6 24. Re1+ Kf8 25. a7 {Black resigns} 1-0

[Event "Team 45 45 League T91"]
[Site "Internet Chess Club"]
[Date "2022.02.03"]
[Round "4"]
[White "VictorRed"]
[Black "QuieroAprender"]
[Result "1-0"]
[WhiteElo "1651"]
[BlackElo "1599"]
[Opening "Hungarian defense"]
[ECO "C50"]
[Time "21:07:44"]
[PlyCount "45"]
[TimeControl "2700+45"]

1. e4 e5 2. Nf3 Nc6 3. Bc4 Be7 4. O-O Nf6 5. d3 O-O 6. Nc3 d6 7. Nd5 Nxd5 8.
Bxd5 Bg4 9. c3 Re8 10. Qb3 Bxf3 11. Bxf7+ Kh8 12. Bxe8 Qxe8 13. gxf3 Qg6+ 14.
Kh1 Qh5 15. Qd1 Rf8 16. f4 Qh3 17. f5 g6 18. fxg6 hxg6 19. f4 Bg5 20. Qf3 Qh6
21. f5 gxf5 22. Bxg5 Qxg5 23. Qh3+ {Black resigns} 1-0

[Event "Team 45 45 League T91"]
[Site "Internet Chess Club"]
[Date "2022.02.05"]
[Round "4"]
[White "julesraider"]
[Black "zethhon"]
[Result "0-1"]
[WhiteElo "1494"]
[BlackElo "1450"]
[Opening "QGD: exchange, positional line, 6.Qc2"]
[ECO "D36"]
[Time "08:00:18"]
[PlyCount "66"]
[TimeControl "2700+45"]

1. d4 d5 2. c4 e6 3. Nc3 Nf6 4. cxd5 exd5 5. Bg5 c6 6. Qc2 Bd6 7. e3 Be6 8. Bd3
Nbd7 9. Nf3 h6 10. Bh4 O-O 11. O-O Rc8 12. e4 dxe4 13. Nxe4 Be7 14. Rfe1 Nd5 15.
Bxe7 Qxe7 16. a3 Rfe8 17. b4 Nf4 18. Bf1 Bf5 19. Qd2 Nxg2 20. Ng3 Nxe1 21. Rxe1
Qf6 22. Nxf5 Qxf5 23. Be2 Re4 24. Kh1 Rce8 25. Rg1 Rxe2 26. Qc3 Rxf2 27. Rg3 Nf6
28. d5 cxd5 29. Kg1 Rfe2 30. Qc1 Nh5 31. Rg2 Qxf3 32. Rxe2 Rxe2 33. Qc8+ Kh7
{White resigns} 0-1

[Event "Team 45 45 League T91"]
[Site "Internet Chess Club"]
[Date "2022.02.07"]
[Round "4"]
[White "CPTsopiens"]
[Black "janh"]
[Result "1-0"]
[WhiteElo "1801"]
[BlackElo "1934"]
[Opening "Caro-Kann: Panov-Botvinnik attack"]
[ECO "B13"]
[Time "16:04:30"]
[PlyCount "49"]
[TimeControl "2700+45"]

1. e4 c6 2. d4 d5 3. exd5 cxd5 4. c4 Nf6 5. Nc3 Nc6 6. Nf3 Be6 7. c5 g6 8. Bb5
Bg7 9. Ne5 Bd7 10. Nxd7 Qxd7 11. O-O O-O 12. Re1 a6 13. Ba4 Rfe8 14. Bf4 Qf5 15.
Be5 Ng4 16. Qf3 Qxf3 17. gxf3 Bxe5 18. fxg4 Bxd4 19. Nxd5 Rac8 20. Bxc6 Rxc6 21.
Nxe7+ Rxe7 22. Rxe7 Rxc5 23. Rxb7 Rc2 24. Rf1 Bxb2 25. Rd1 {White declared
winner by adjudication} 1-0

[Event "Team 45 45 League T91"]
[Site "Internet Chess Club"]
[Date "2022.02.03"]
[Round "4"]
[White "BuddyT"]
[Black "Demachaeron"]
[Result "1-0"]
[WhiteElo "1562"]
[BlackElo "1683"]
[Opening "QGD Slav: 4.e3"]
[ECO "D11"]
[Time "20:02:51"]
[PlyCount "79"]
[TimeControl "2700+45"]

1. d4 d5 2. c4 c6 3. Nf3 Nf6 4. e3 Bg4 5. cxd5 cxd5 6. Qb3 Qc7 7. Bd2 Nc6 8. Bb5
Bxf3 9. gxf3 e6 10. Bb4 Bd6 11. Nc3 O-O 12. Bxc6 bxc6 13. Bxd6 Qxd6 14. Rc1 Rab8
15. Qc2 Qb4 16. b3 Rfc8 17. O-O g6 18. Na4 Nd7 19. Nc5 Nf6 20. Na6 Qa5 21. Nxb8
Rxb8 22. Qxc6 Qxa2 23. Ra1 Qxb3 24. Rxa7 Qb2 25. Qc7 Rf8 26. Rb7 Qe2 27. Qf4 Nh5
28. Qg4 Nf6 29. Qh3 Ne8 30. Rfb1 Nd6 31. R7b2 Qd3 32. Qg3 Nf5 33. Qf4 h6 34. h4
Kh7 35. Rb8 Rxb8 36. Rxb8 Qa6 37. Qe5 Ng7 38. Qc7 g5 39. Qxf7 Qd6 40. Rg8 {Black
resigns} 1-0

[Event "Team 45 45 League T91"]
[Site "Internet Chess Club"]
[Date "2022.02.06"]
[Round "4"]
[White "ILRE"]
[Black "mongmong"]
[Result "1/2-1/2"]
[WhiteElo "1619"]
[BlackElo "1555"]
[Opening "Queen's pawn"]
[ECO "A40"]
[Time "17:02:40"]
[PlyCount "191"]
[TimeControl "2700+45"]

1. d4 e6 2. Bf4 Nf6 3. e3 b6 4. Nd2 Bb7 5. h3 Be7 6. Ngf3 O-O 7. Bd3 c5 8. c3 d5
9. O-O Nc6 10. Bh2 Bd6 11. Ne5 Qe7 12. f4 Nd7 13. Bg3 f5 14. Bb5 Ndxe5 15. fxe5
Bc7 16. Rf4 a6 17. Bd3 g5 18. Rf1 Qg7 19. Be2 cxd4 20. exd4 b5 21. Bf2 Na5 22.
b3 Bc6 23. Rc1 h6 24. Bh5 Be8 25. Bxe8 Raxe8 26. Qe2 Ra8 27. Nf3 Bd8 28. Be1 g4
29. hxg4 Qxg4 30. Rc2 h5 31. Nh2 Qxe2 32. Rxe2 Kh7 33. Nf3 Rg8 34. Kh1 Rg4 35.
Nh2 Rg6 36. Rf3 Nc6 37. Rh3 Kh6 38. Nf3 Rg4 39. Bd2+ Kg6 40. Be1 Be7 41. Bh4 Rg8
42. Bxe7 Nxe7 43. Ne1 Kh6 44. Nd3 Rg3 45. Kh2 Rxh3+ 46. Kxh3 Ng6 47. Rf2 Rc8 48.
Rc2 Kg5 49. Kg3 Rc6 50. b4 f4+ 51. Kf2 Kg4 52. Nc5 Nh4 53. a3 Nf5 54. Rc1 h4 55.
Rh1 Ne3 56. Rc1 Nc4 57. a4 bxa4 58. Nxa4 Nd2 59. Nc5 Ne4+ 60. Nxe4 dxe4 61. c4
h3 62. gxh3+ Kxh3 63. c5 Kg4 64. Rg1+ Kf5 65. Ke2 Rc8 66. Rg7 Rb8 67. Rf7+ Kg5
68. c6 Rxb4 69. c7 Rc4 70. d5 exd5 71. e6 Kg6 72. Rd7 d4 73. Rxd4 Rxc7 74. Rxe4
Re7 75. Kf3 Kf5 76. Rxf4+ Kxe6 77. Re4+ Kd6 78. Rxe7 Kxe7 79. Ke3 Kd6 80. Kd4
Kc6 81. Kc4 Kb6 82. Kb4 a5+ 83. Ka4 Ka6 84. Ka3 Kb5 85. Kb3 a4+ 86. Ka3 Ka5 87.
Ka2 Kb4 88. Kb2 Kc4 89. Ka3 Kb5 90. Ka2 Kb4 91. Kb2 a3+ 92. Ka2 Ka4 93. Ka1 Kb4
94. Ka2 Ka4 95. Ka1 Kb3 96. Kb1 {Game drawn by mutual agreement} 1/2-1/2

[Event "Team 45 45 League T91"]
[Site "Internet Chess Club"]
[Date "2022.02.05"]
[Round "4"]
[White "olivermx"]
[Black "fvafier"]
[Result "0-1"]
[WhiteElo "1312"]
[BlackElo "1538"]
[Opening "French: advance, Euwe variation"]
[ECO "C02"]
[Time "12:35:45"]
[PlyCount "146"]
[TimeControl "2700+45"]

1. e4 e6 2. d4 d5 3. e5 c5 4. c3 Nc6 5. Nf3 Bd7 6. a3 Rc8 7. b4 cxd4 8. cxd4 Qb6
9. Be3 Nge7 10. Nc3 Nf5 11. Na4 Qd8 12. Be2 Be7 13. O-O Nxe3 14. fxe3 O-O 15.
Rc1 a6 16. Qe1 Nxd4 17. exd4 Bxa4 18. Qg3 f6 19. exf6 Bxf6 20. Ne5 Bxe5 21. Qxe5
Rxf1+ 22. Rxf1 Qe7 23. Bg4 Bd7 24. Re1 Rc6 25. Qb8+ Be8 26. Qe5 Bf7 27. Qb8+ Be8
28. Qe5 Bd7 29. Qb8+ Bc8 30. Qe5 Qf6 31. Qe3 Qg6 32. Bf3 h6 33. h3 Qg5 34. Qxg5
hxg5 35. Re5 Rc4 36. Rxg5 Rxd4 37. Re5 Kf7 38. Re3 Kf6 39. Rc3 Rc4 40. Re3 Bd7
41. Bg4 Re4 42. Rf3+ Ke5 43. Rf7 Bc6 44. Rxg7 d4 45. Re7 Bd5 46. Kf2 d3 47. Bf3
d2 48. Rd7 Rd4 49. Bd1 Re4 50. Rc7 Kd4 51. Be2 Re3 52. Rc2 Rxa3 53. Rxd2+ Kc3
54. Rd3+ Kxb4 55. Rxa3 Kxa3 56. Ke3 a5 57. Kd4 a4 58. Kc3 Bxg2 59. h4 Be4 60. h5
Bf5 61. h6 e5 62. Bc4 e4 63. Bg8 e3 64. h7 Bxh7 65. Bxh7 e2 66. Kd2 Kb2 67. Bg8
a3 68. Kxe2 a2 69. Bxa2 Kxa2 70. Kd3 Kb3 71. Kd4 b5 72. Kd3 Kb2 73. Kd2 b4
{White resigns} 0-1

[Event "Team 45 45 League T91"]
[Site "Internet Chess Club"]
[Date "2022.02.05"]
[Round "4"]
[White "fileman"]
[Black "Sloggi"]
[Result "1/2-1/2"]
[WhiteElo "1837"]
[BlackElo "1928"]
[Opening "Queen's pawn game, Darooha variation "]
[ECO "D02"]
[Time "02:08:58"]
[PlyCount "58"]
[TimeControl "2700+45"]

1. d4 d5 2. Nf3 Nf6 3. g3 Bf5 4. Bg2 e6 5. c4 c6 6. Nc3 Nbd7 7. Qb3 Qb6 8. c5
Qc7 9. Nh4 Be7 10. Bf4 Qc8 11. Nxf5 exf5 12. O-O O-O 13. Qc2 g6 14. b4 b6 15. f3
Re8 16. Rfe1 Nh5 17. e4 Nxf4 18. gxf4 bxc5 19. bxc5 Nf6 20. exd5 Nxd5 21. Nxd5
cxd5 22. Rab1 Bf6 23. Rxe8+ Qxe8 24. Qd2 Rb8 25. Rxb8 Qxb8 26. Bf1 Qb7 27. Be2
Kg7 28. Bd1 Qb1 29. Kg2 Qa1 {Game drawn by mutual agreement} 1/2-1/2

[Event "Team 45 45 League T91"]
[Site "Internet Chess Club"]
[Date "2022.02.06"]
[Round "4"]
[White "DeepPoo"]
[Black "bobhill"]
[Result "0-1"]
[WhiteElo "1663"]
[BlackElo "1870"]
[Opening "Levitsky attack (Queen's bishop attack)"]
[ECO "D00"]
[Time "14:22:40"]
[PlyCount "44"]
[TimeControl "2700+45"]

1. d4 d5 2. Bg5 Nf6 3. e3 g6 4. Nd2 Bg7 5. Bd3 O-O 6. f4 c5 7. c3 Qb6 8. Bxf6
exf6 9. Rb1 Re8 10. Kf2 cxd4 11. exd4 Nc6 12. Qb3 Qc7 13. Ne2 Bg4 14. g3 Qe7 15.
Nf1 Bh3 16. Qxd5 Rad8 17. Qf3 f5 18. Re1 Bg4 19. Qg2 Nxd4 20. cxd4 Bxd4+ 21.
Nxd4 Qxe1+ 22. Kg1 Rxd4 {White resigns} 0-1

[Event "Team 45 45 League T91"]
[Site "Internet Chess Club"]
[Date "2022.02.06"]
[Round "4"]
[White "Rookmaster"]
[Black "filmdirector"]
[Result "1-0"]
[WhiteElo "1497"]
[BlackElo "1419"]
[Opening "Two knights defense"]
[ECO "C55"]
[Time "12:18:36"]
[PlyCount "59"]
[TimeControl "2700+45"]

1. e4 e5 2. Nf3 Nc6 3. Bc4 Nf6 4. d4 exd4 5. O-O h6 6. e5 Nh7 7. Bf4 Bc5 8. c3
d3 9. Qxd3 O-O 10. Qg6 Ne7 11. Qg3 Kh8 12. Bd3 d6 13. Nbd2 Nf5 14. Bxf5 Bxf5 15.
Nc4 d5 16. Ne3 Bd7 17. Nxd5 c6 18. Ne3 Rg8 19. Nc4 g5 20. Be3 Be7 21. Nd6 Bxd6
22. exd6 Nf6 23. Bd4 Kh7 24. Ne5 Rf8 25. Qd3+ Kg8 26. f4 Nd5 27. fxg5 Qxg5 28.
Nxd7 Nf4 29. Rxf4 Qxf4 30. Nf6+ {Black resigns} 1-0

[Event "Team 45 45 League T91"]
[Site "Internet Chess Club"]
[Date "2022.02.04"]
[Round "4"]
[White "Signofthetimes"]
[Black "ChessG2011"]
[Result "0-1"]
[WhiteElo "1506"]
[BlackElo "1487"]
[Opening "Giuoco Pianissimo: Italian four knights variation"]
[ECO "C50"]
[Time "23:46:40"]
[PlyCount "114"]
[TimeControl "2700+45"]

1. e4 e5 2. Nf3 Nc6 3. Bc4 Bc5 4. Nc3 Nf6 5. d3 h6 6. h3 O-O 7. g4 d6 8. g5 hxg5
9. Bxg5 Bb4 10. Qd2 Bxc3 11. Qxc3 Be6 12. O-O-O Qe7 13. Rdg1 Bxc4 14. Qxc4 Qe6
15. Qxe6 fxe6 16. Nd2 Nd4 17. Kd1 Kf7 18. c3 Nc6 19. Rg2 Rg8 20. Rhg1 Rae8 21.
Nf3 Re7 22. Bxf6 Kxf6 23. Rg6+ Kf7 24. h4 Ree8 25. h5 Nd8 26. Ng5+ Ke7 27. h6
gxh6 28. Rxh6 Rh8 29. Rg6 Reg8 30. Rxg8 Rxg8 31. Nf3 Rxg1+ 32. Nxg1 Kf6 33. Ke2
Kg5 34. Ke3 Kg4 35. f3+ Kh4 36. f4 exf4+ 37. Kxf4 Nf7 38. Nf3+ Kh5 39. d4 Kg6
40. e5 d5 41. b3 b6 42. c4 c6 43. cxd5 cxd5 44. a3 Kh6 45. b4 Kg6 46. b5 Kh6 47.
a4 Kg6 48. Nd2 Nh6 49. Ke3 Nf5+ 50. Kd3 Ng7 51. Nb3 Ne8 52. a5 Nc7 53. axb6 axb6
54. Kc3 Nxb5+ 55. Kb4 Nc7 56. Nd2 Kf5 57. Nb3 Ke4 {White resigns} 0-1

[Event "Team 45 45 League T91"]
[Site "Internet Chess Club"]
[Date "2022.02.05"]
[Round "4"]
[White "janh"]
[Black "cyborg86"]
[Result "0-1"]
[WhiteElo "1958"]
[BlackElo "2310"]
[Opening "Modern defense"]
[ECO "A40"]
[Time "15:08:50"]
[PlyCount "26"]
[TimeControl "2700+45"]

1. d4 g6 2. Bf4 Bg7 3. e3 d6 4. Nc3 Nd7 5. Bc4 Ngf6 6. h4 h6 7. Qd2 c6 8. Nf3 b5
9. Be2 Bb7 10. d5 cxd5 11. Nxb5 Ne4 12. Qb4 Qb6 13. a3 a6 {White resigns} 0-1

[Event "Team 45 45 League T91"]
[Site "Internet Chess Club"]
[Date "2022.02.04"]
[Round "4"]
[White "achessman"]
[Black "BuddyT"]
[Result "1-0"]
[WhiteElo "1826"]
[BlackElo "1556"]
[Opening "Sicilian: Alapin's variation (2.c3)"]
[ECO "B22"]
[Time "16:01:38"]
[PlyCount "63"]
[TimeControl "2700+45"]

1. e4 c5 2. c3 d5 3. exd5 Qxd5 4. d4 Nf6 5. Nf3 Nc6 6. dxc5 Qxd1+ 7. Kxd1 Bg4 8.
b4 a5 9. Bb5 O-O-O+ 10. Kc2 axb4 11. Bxc6 Bf5+ 12. Kb3 bxc6 13. cxb4 Rd3+ 14.
Ka4 Ng4 15. Rf1 Kb7 16. h3 g6 17. Ne1 Rd1 18. Nc3 Bc2+ 19. Nxc2 Rxf1 20. hxg4
Bg7 21. Kb3 Rxf2 22. Be3 Rxg2 23. Rd1 Kc7 24. b5 cxb5 25. Nxb5+ Kc8 26. Rd3 h5
27. gxh5 Rxh5 28. Nb4 Rhh2 29. Na7+ Kb7 30. c6+ Kb8 31. Na6+ Ka8 32. Rd8# {Black
checkmated} 1-0

[Event "Team 45 45 League T91"]
[Site "Internet Chess Club"]
[Date "2022.02.05"]
[Round "4"]
[White "Portola"]
[Black "primerpaso"]
[Result "0-1"]
[WhiteElo "1730"]
[BlackElo "1876"]
[Opening "Queen's pawn game, Darooha variation "]
[ECO "D02"]
[Time "14:01:09"]
[PlyCount "110"]
[TimeControl "2700+45"]

1. d4 Nf6 2. Nf3 d5 3. c3 e6 4. Bg5 Be7 5. Nbd2 Nbd7 6. e3 c5 7. Bd3 b6 8. Bf4
Bb7 9. h3 O-O 10. O-O Ne4 11. Be2 Rc8 12. Nxe4 dxe4 13. Nd2 Nf6 14. Qa4 a6 15.
Rfd1 b5 16. Qb3 Nd5 17. Bg3 Qb6 18. Rdc1 c4 19. Qd1 f5 20. Nf1 Bd6 21. Bxd6 Qxd6
22. Qe1 f4 23. exf4 Nxf4 24. Ne3 e5 25. Rd1 Qg6 26. Kh2 Rce8 27. d5 Rd8 28. d6
Nd3 29. Bxd3 exd3 30. b3 Rxd6 31. bxc4 bxc4 32. Rab1 Bc6 33. Rd2 Rdf6 34. Rbb2
h5 35. Qg1 Qf7 36. Qe1 Rg6 37. Kh1 Qe6 38. Kh2 Qf6 39. Kh1 Qg5 40. f3 Qf4 41.
Rf2 Rg3 42. Qd2 Qf7 43. Rb4 Bd5 44. Rb2 Qe6 45. Kh2 Rg6 46. Kh1 Rgf6 47. Kh2 e4
48. Nxd5 Qxd5 49. f4 Qc5 50. Qc1 e3 51. Rf3 d2 52. Qc2 Qd6 53. Rb1 e2 54. Qe4
d1=Q 55. Qxc4+ Kh8 {White resigns} 0-1

[Event "Team 45 45 League T91"]
[Site "Internet Chess Club"]
[Date "2022.02.04"]
[Round "4"]
[White "VictorRed"]
[Black "ElValero"]
[Result "1/2-1/2"]
[WhiteElo "1651"]
[BlackElo "1653"]
[Opening "Queen's pawn game, Darooha variation "]
[ECO "D02"]
[Time "10:04:49"]
[PlyCount "63"]
[TimeControl "2700+45"]

1. Nf3 d5 2. d4 Nf6 3. g3 c6 4. Bg2 Nbd7 5. O-O e6 6. Nc3 Bd6 7. Bg5 h6 8. Bd2
O-O 9. Re1 c5 10. e4 cxd4 11. Nxd4 dxe4 12. Nxe4 Nxe4 13. Bxe4 Nc5 14. Bg2 a6
15. Nf3 Qc7 16. Be3 Rd8 17. Qe2 b5 18. Nd4 Bb7 19. Bxb7 Qxb7 20. c3 Rac8 21.
Rad1 Ne4 22. Bxh6 gxh6 23. Qxe4 Qxe4 24. Rxe4 b4 25. Ne2 bxc3 26. Nxc3 Kg7 27.
Red4 Be7 28. Rxd8 Bxd8 29. Rd6 a5 30. a3 Bf6 31. Rd3 Rb8 32. Rd2 {Game drawn by
mutual agreement} 1/2-1/2

[Event "Team 45 45 League T91"]
[Site "Internet Chess Club"]
[Date "2022.02.06"]
[Round "4"]
[White "jonesey"]
[Black "zugknightly"]
[Result "1/2-1/2"]
[WhiteElo "1876"]
[BlackElo "1942"]
[Opening "English: symmetrical, Botvinnik system"]
[ECO "B20"]
[Time "20:01:54"]
[PlyCount "101"]
[TimeControl "2700+45"]

1. e4 c5 2. c4 Nc6 3. Nc3 g6 4. g3 Bg7 5. Bg2 d6 6. Nge2 e5 7. d3 Nge7 8. O-O
O-O 9. Rb1 Be6 10. Nd5 Qd7 11. Ra1 f5 12. f4 fxe4 13. dxe4 Bg4 14. Nxe7+ Nxe7
15. Qd3 Rad8 16. Nc3 a6 17. Be3 Nc6 18. Rf2 Nd4 19. Raf1 exf4 20. Bxf4 Rf7 21.
Bg5 Rdf8 22. Rxf7 Rxf7 23. Rxf7 Qxf7 24. Bf4 Be5 25. Bxe5 dxe5 26. h3 Bd7 27.
Qf1 Qxf1+ 28. Bxf1 b5 29. cxb5 axb5 30. Nd5 Kf7 31. h4 Be6 32. Nc3 b4 33. Nd5
Bxd5 34. exd5 Ke7 35. Bc4 Nf5 36. Kf2 Kd6 37. Kf3 Ne7 38. Ke4 Nc8 39. a4 bxa3
40. bxa3 Nb6 41. Ba2 h6 42. Bb3 c4 43. Ba2 Kc5 44. Kxe5 Nxd5 45. Bb1 g5 46. hxg5
hxg5 47. Kf5 Ne3+ 48. Kxg5 c3 49. Kf4 c2 50. Bxc2 Nxc2 51. a4 {Game drawn by
mutual agreement} 1/2-1/2

[Event "Team 45 45 League T91"]
[Site "Internet Chess Club"]
[Date "2022.02.04"]
[Round "4"]
[White "Ajolote"]
[Black "BRJAK0530"]
[Result "1-0"]
[WhiteElo "2008"]
[BlackElo "1832"]
[Opening "Ruy Lopez: Anderssen variation"]
[ECO "C77"]
[Time "20:31:05"]
[PlyCount "79"]
[TimeControl "2700+45"]

1. e4 e5 2. Nf3 Nc6 3. Bb5 a6 4. Ba4 Nf6 5. d3 b5 6. Bb3 Bc5 7. O-O d6 8. a4 Bb7
9. Nc3 b4 10. Ne2 Ne7 11. Be3 Ba7 12. Bxa7 Rxa7 13. Qd2 a5 14. Ng5 O-O 15. f4
Ra8 16. Kh1 Qd7 17. Nf3 exf4 18. Nxf4 Qg4 19. h3 Qd7 20. Rae1 Ng6 21. Nxg6 hxg6
22. Qg5 d5 23. e5 Nh7 24. Qg3 Rae8 25. e6 Rxe6 26. Rxe6 fxe6 27. Qxg6 Rf6 28.
Qg4 Nf8 29. Re1 Qd6 30. Ne5 c5 31. c3 bxc3 32. bxc3 Qb6 33. Rb1 Ba8 34. Bc2 Qd6
35. d4 cxd4 36. cxd4 Qa3 37. Kh2 Qe3 38. Rb8 Rf1 39. Qxe6+ Kh8 40. Ng6+ {Black
resigns} 1-0

[Event "Team 45 45 League T91"]
[Site "Internet Chess Club"]
[Date "2022.02.04"]
[Round "4"]
[White "mmesser"]
[Black "kasraei"]
[Result "1-0"]
[WhiteElo "1714"]
[BlackElo "1819"]
[Opening "QGD Slav: 4.Nc3"]
[ECO "D15"]
[Time "12:01:23"]
[PlyCount "75"]
[TimeControl "2700+45"]

1. d4 d5 2. c4 c6 3. Nc3 Nf6 4. Nf3 Bf5 5. e3 e6 6. Qb3 Qc7 7. Be2 Be7 8. O-O
O-O 9. Bd2 Nbd7 10. Rac1 Qb6 11. Qa4 Ne4 12. Rfd1 Ndf6 13. Ne5 Rfd8 14. Nxe4
Nxe4 15. Ba5 Qxb2 16. Rc2 Qa3 17. Qxa3 Bxa3 18. Bxd8 Rxd8 19. g4 f6 20. gxf5
fxe5 21. cxd5 exd5 22. dxe5 Rf8 23. Bg4 Bb4 24. Rb1 c5 25. a3 Bxa3 26. Rxb7 a5
27. f3 Ng5 28. h4 Nf7 29. f4 Nh6 30. Rg2 c4 31. f6 c3 32. Rxg7+ Kh8 33. Be6 Bc1
34. f7 Bxe3+ 35. Kf1 Bxf4 36. Rg8+ Rxg8 37. Rxg8+ Nxg8 38. fxg8=Q# {Black
checkmated} 1-0

[Event "Team 45 45 League T91"]
[Site "Internet Chess Club"]
[Date "2022.02.05"]
[Round "4"]
[White "ChessG2011"]
[Black "pmarcal"]
[Result "0-1"]
[WhiteElo "1480"]
[BlackElo "1707"]
[Opening "Sicilian: dragon, classical, Richter variation"]
[ECO "B73"]
[Time "18:00:35"]
[PlyCount "118"]
[TimeControl "2700+45"]

1. e4 c5 2. Nf3 d6 3. d4 cxd4 4. Nxd4 Nf6 5. Nc3 Nc6 6. Be2 g6 7. Be3 Bg7 8. O-O
O-O 9. Qd2 d5 10. exd5 Nxd5 11. Nxd5 Nxd4 12. Bxd4 Qxd5 13. c3 Bxd4 14. Qxd4
Qxd4 15. cxd4 Rd8 16. Rfd1 Be6 17. b3 Rd6 18. Rd2 Rad8 19. Rad1 Bd5 20. f3 Bc6
21. Bc4 e5 22. d5 Be8 23. Kf2 f6 24. Ke3 g5 25. g3 b5 26. Be2 a6 27. Ke4 Bg6+
28. Ke3 Bf7 29. Ke4 Rc8 30. Bd3 Rxd5 31. Be2 Rxd2 32. Rxd2 Bg6+ 33. Ke3 Rc3+ 34.
Bd3 Rxd3+ 35. Rxd3 Bxd3 36. Kxd3 Kf7 37. a4 bxa4 38. bxa4 Ke6 39. Ke4 f5+ 40.
Kd3 Kd5 41. Kc3 e4 42. fxe4+ Kxe4 43. Kb4 f4 44. gxf4 gxf4 45. Ka5 f3 46. Kxa6
f2 47. a5 f1=Q+ 48. Kb7 Qb5+ 49. Kc7 Qxa5+ 50. Kd6 Qe5+ 51. Kc6 Qxh2 52. Kd7 Qe5
53. Kc6 Qd5+ 54. Kc7 Qe6 55. Kb7 Qd6 56. Kc8 Qe7 57. Kb8 Kd5 58. Kc8 Kc6 59. Kb8
Qb7# {White checkmated} 0-1

[Event "Team 45 45 League T91"]
[Site "Internet Chess Club"]
[Date "2022.02.06"]
[Round "4"]
[White "Tufnell"]
[Black "HomerSimpson"]
[Result "1/2-1/2"]
[WhiteElo "1903"]
[BlackElo "2004"]
[Opening "Sicilian: Prins (Moscow) variation"]
[ECO "B55"]
[Time "11:00:41"]
[PlyCount "54"]
[TimeControl "2700+45"]

1. e4 c5 2. Nf3 d6 3. d4 cxd4 4. Nxd4 Nf6 5. f3 a6 6. c4 e5 7. Nc2 Be6 8. Nc3
Be7 9. Be3 O-O 10. Qd2 Nbd7 11. Rc1 Rc8 12. b3 Qc7 13. Nb4 Rfd8 14. Be2 Qa5 15.
Nbd5 Bxd5 16. Nxd5 Qxd2+ 17. Kxd2 Nxd5 18. cxd5 h6 19. g3 Kh7 20. Rhd1 g6 21.
Bf1 f5 22. Bh3 Nf6 23. Kd3 Kg7 24. Rc4 b5 25. Rxc8 Rxc8 26. Rc1 Rxc1 27. Bxc1
Bd8 {Game drawn by mutual agreement} 1/2-1/2

[Event "Team 45 45 League T91"]
[Site "Internet Chess Club"]
[Date "2022.02.05"]
[Round "4"]
[White "laurenpar"]
[Black "Sloggi"]
[Result "1/2-1/2"]
[WhiteElo "1955"]
[BlackElo "1929"]
[Opening "Nimzovich-Larsen attack: modern variation"]
[ECO "A01"]
[Time "23:04:10"]
[PlyCount "103"]
[TimeControl "2700+45"]

1. b3 e5 2. Bb2 Nc6 3. e3 Nf6 4. c4 d5 5. cxd5 Nxd5 6. Nc3 Nb6 7. Nf3 Bd6 8. Be2
O-O 9. O-O Bf5 10. d3 Qe7 11. e4 Be6 12. d4 exd4 13. Nxd4 Nxd4 14. Qxd4 Bc5 15.
Nd5 Bxd4 16. Nxe7+ Kh8 17. Bxd4 Rfe8 18. Bc5 Nd7 19. Ba3 c5 20. Nc6 bxc6 21.
Rac1 a5 22. Bxc5 Nxc5 23. Rxc5 a4 24. Bc4 axb3 25. axb3 Bxc4 26. Rxc4 Ra2 27.
Rd1 h5 28. f3 Rb2 29. Rd3 Ra8 30. Ra4 Rxa4 31. bxa4 Ra2 32. Rd4 g5 33. Rc4 Kg7
34. Rc5 f6 35. a5 Kf7 36. h4 g4 37. Rxh5 g3 38. Kf1 Rf2+ 39. Ke1 Rxg2 40. Kf1
Rf2+ 41. Kg1 Rxf3 42. Kg2 Re3 43. Rc5 Ra3 44. Rf5 Kg7 45. Kh3 Kg6 46. h5+ Kg7
47. h6+ Kg6 48. Rh5 Kh7 49. Kg2 c5 50. Rxc5 Kxh6 51. Rf5 Kg6 52. Kh3 {Game drawn
by mutual agreement} 1/2-1/2

[Event "Team 45 45 League T91"]
[Site "Internet Chess Club"]
[Date "2022.02.06"]
[Round "4"]
[White "cadmiumorange"]
[Black "fishhead"]
[Result "1-0"]
[WhiteElo "1849"]
[BlackElo "1731"]
[Opening "English opening"]
[ECO "A16"]
[Time "14:00:44"]
[PlyCount "71"]
[TimeControl "2700+45"]

1. c4 Nf6 2. Nc3 c5 3. e4 d6 4. g3 Nc6 5. Bg2 g6 6. Nge2 Bg7 7. d3 O-O 8. O-O e6
9. f4 Nd4 10. h3 Nd7 11. Be3 f5 12. Kh2 a6 13. Rc1 Rb8 14. a4 Qb6 15. g4 Qxb2
16. Bxd4 cxd4 17. Rb1 dxc3 18. Rxb2 cxb2 19. d4 b5 20. cxb5 Nb6 21. Qb3 fxe4 22.
Bxe4 d5 23. Bd3 Bd7 24. Rb1 axb5 25. axb5 Nc4 26. Bxc4 dxc4 27. Qxc4 Rxb5 28.
Qc7 Rf7 29. Qc2 Rd5 30. Rxb2 Bxd4 31. Rb8+ Kg7 32. Nxd4 Rxd4 33. f5 gxf5 34. Qf2
e5 35. Qe3 Rd6 36. Qxe5+ {Black resigns} 1-0

[Event "Team 45 45 League T91"]
[Site "Internet Chess Club"]
[Date "2022.02.05"]
[Round "4"]
[White "QuieroAprender"]
[Black "KidRattler"]
[Result "0-1"]
[WhiteElo "1588"]
[BlackElo "1727"]
[Opening "Scandinavian (center counter) defense"]
[ECO "B01"]
[Time "20:23:07"]
[PlyCount "70"]
[TimeControl "2700+45"]

1. e4 d5 2. exd5 Qxd5 3. Nc3 Qd8 4. Bb5+ c6 5. Be2 Nf6 6. Nf3 Bf5 7. d3 e6 8.
Bg5 Be7 9. O-O Nbd7 10. Re1 h6 11. Be3 O-O 12. h3 Qc7 13. Nd4 Bg6 14. Qd2 Nd5
15. Nxd5 cxd5 16. Nb5 Qb8 17. Qa5 b6 18. Qd2 a6 19. Nd4 Qd6 20. Nf3 e5 21. Rad1
d4 22. Bxh6 gxh6 23. Qxh6 Bf6 24. h4 Bg7 25. Qg5 Qf6 26. h5 Bh7 27. Qg3 Kh8 28.
Ng5 Bh6 29. Ne4 Bxe4 30. dxe4 Rg8 31. Qh3 Qg5 32. Bf3 Nc5 33. b4 Ne6 34. Qf5 Rg7
35. Qxe5 Qxe5 {White resigns} 0-1